 Dungeon Crawl Stone Soup version 0.28-a0-1382-g92835e5c71 (webtiles) character file.

Game seed: 321040229652900580

158 freelancePsychic the Magician (level 5, -10/38 HPs)
             Began as a Djinni Air Elementalist on Jan 2, 2022.
             Mangled by an ice beast (15 damage)
             ... on level 3 of the Dungeon.
             The game lasted 00:05:14 (2879 turns).

freelancePsychic the Magician (DjAE)                Turns: 2879, Time: 00:05:15

Health: -10/38     AC:  2    Str:  7    XL:     5   Next: 66%
Gold:   109        EV: 12    Int: 19    God:
                   SH:  0    Dex: 13

rFire   + + .      SeeInvis .   (no weapon)
rCold   x . .      Faith    .   g - orb {*channel}
rNeg    . . .      Spirit   .   a - +0 robe
rPois   ∞          Reflect  .   (no helmet)
rElec   .          Harm     .   (no cloak)
rCorr   .          Rampage  .   (no gloves)
Will    .....                   (boots unavailable)
Stlth   ++........              (no amulet)
HPRegen 0.12/turn               (no ring)
MPRegen 0.00/turn               (no ring)

@: flying
A: sickness immunity, fire resistance 2, cold vulnerability 1, float, innate
caster, hp casting, extra vitality 1
a: no special abilities


You were on level 3 of the Dungeon.
You visited 1 branch of the dungeon, and saw 3 of its levels.

You collected 109 gold pieces.

Inventory:

Armour
 a - a +0 robe (worn)
 g - an orb of energy (worn)
Scrolls
 e - 3 scrolls of teleportation {@r4}
 h - a scroll of amnesia {unknown}
 j - 2 scrolls of identify {unknown}
 k - a scroll of vulnerability {unknown}
 l - a scroll of noise {unknown}
Potions
 b - a potion of lignification {unknown}
 c - a potion of mutation {unknown}
 d - a potion of degeneration {unknown}
 i - a potion of curing {unknown}


   Skills:
 + Level 2.3 Fighting
 - Level 2.1 Dodging
 - Level 1.5 Stealth
 * Level 3.8 Spellcasting
 + Level 1.6 Evocations


You couldn't memorise any spells.
You knew the following spells:

 Your Spells              Type           Power      Damage    Failure   Level
a - Foxfire               Conj/Fire      72%        2x1d7     3%          1
b - Static Discharge      Conj/Air       18%        N/A       4%          2
c - Swiftness             Air            18%        N/A       9%          3
d - Airstrike             Air            9%         N/A       28%         4
e - Shock                 Conj/Air       72%        1d7       3%          1
f - Call Imp              Summ           18%        N/A       4%          2
Your spell library was empty.

Dungeon Overview and Level Annotations

Branches:
Dungeon (3/15)

Altars:
Sif Muna

Annotations:
D:2 Sigmund


Innate Abilities, Weirdness & Mutations

You are immune to sickness and miasma.
You are immune to poison.
Your flesh is very heat resistant. (rF++)
You are vulnerable to cold. (rC-)
You float through the air rather than walking.
You learn spells naturally, not from books.
Your magical power is your life essence.
You have superior vitality. (+4 MHP)


Message History

You kill the orc priest!
The foxfire hits the orc.
The orc is moderately wounded.
The foxfire hits the orc.
The orc is almost dead.
Casting: Static Discharge (safe; 4% risk of failure)
Confirm with . or Enter, or press ? or * to list all spells.
The orc is struck by an arc of lightning!
You kill the orc!
The lightning grounds out.
A hobgoblin comes into view.
There is a stone staircase leading up here.
You see here 19 stones.
Things that are here:
a +0 falchion; an orc skeleton
Casting: Static Discharge (safe; 4% risk of failure)
Confirm with . or Enter, or press ? or * to list all spells.
You conjure some foxfire!
The foxfire hits the ice beast.
The ice beast melts!
The ice beast is moderately wounded.
The foxfire hits the ice beast!
The ice beast melts!
The ice beast is heavily wounded.
The ice beast is engulfed in a cloud of scalding steam.
Casting: Foxfire (safe; 3% risk of failure)
Confirm with . or Enter, or press ? or * to list all spells.
You conjure some foxfire!
The ice beast hits you. The ice beast freezes you!!
You feel a terrible chill!
Ouch! That really hurt!
* * * LOW HITPOINT WARNING * * *
The foxfire hits the ice beast.
The ice beast melts!
The ice beast is heavily wounded.
The foxfire hits the ice beast.
The ice beast melts!
The ice beast is severely wounded.
The ice beast is engulfed in a cloud of scalding steam.
Okay, then.
The ice beast misses you. The ice beast hits you.
* * * LOW HITPOINT WARNING * * *
The ice beast freezes you!
You feel a terrible chill!
You die...

......(# #.##.......#
.......##..###...#............
.........###≈###.............g
.###..####≈≈≈≈≈##.............
.......##≈≈≈≈≈≈≈##......)...
......##≈≈≈....≈≈#.........
.#######≈≈≈####.≈##.....)# ##
##8.8.8##..##≈≈#......#
####.)....').._#@≈#......#
.....8.8.8##..##Y≈#.....)#
.....###≈≈≈####.≈##......#
.......#≈§≈§...≈≈#.#####.#
.......##≈≈§≈≈≈≈##.# ##.#
........##§≈§≈≈###.# #..#
.........###§###.#.####.##
.........(.#####...##...##
.........#.....<.........########


You could see an ice beast.

Vanquished Creatures
  An orc priest (D:3)
  2 orc wizards (D:3)
  2 adders
  2 dart slugs (D:1)
  3 orcs (D:3)
  4 ball pythons
  2 bats
  4 endoplasms
  2 giant cockroaches
  3 goblins
  5 hobgoblins
  7 jackals
  A quokka (D:1)
  7 frilled lizards
  3 kobolds
  7 rats
55 creatures vanquished.

Vanquished Creatures (others)
  92 foxfires
92 creatures vanquished.

Grand Total: 147 creatures vanquished

Notes
Turn   | Place    | Note
-------+----------+-------------------------------------------
     0 | D:1      | freelancePsychic the Djinni Air Elementalist began the
                  | quest for the Orb.
     0 | D:1      | Reached XP level 1. HP: 15/15 MP: 0/0
   253 | D:1      | Reached XP level 2. HP: 17/22 MP: 0/0
   692 | D:1      | Reached skill level 1 in Fighting
   887 | D:1      | Reached XP level 3. HP: 25/27 MP: 0/0
   887 | D:1      | Learned a level 1 spell: Foxfire
   888 | D:1      | Reached skill level 3 in Spellcasting
  1826 | D:2      | Reached XP level 4. HP: 29/32 MP: 0/0
  2177 | D:2      | Noticed Sigmund
  2505 | D:3      | Reached skill level 1 in Evocations
  2507 | D:3      | Reached XP level 5. HP: 19/38 MP: 0/0
  2507 | D:3      | Learned a level 2 spell: Call Imp
  2781 | D:3      | Noticed an ice beast
  2879 | D:3      | Mangled by an ice beast

Illustrated notes

Levels and vault maps discovered:
D:1:      onia_arrival_mini_maze_b, layout_loops_ring, nrook_campfire
D:2:      layout_rooms, serial_curves, eino_curves_02, eino_curves_02,
          uniq_sigmund
D:3:      layout_rooms, kennysheep_orc_sif_temple,
          dreamdust_ecumenical_altar_hidden_monk_grotto, chequers_avenue,
          uniq_crazy_yiuf_cottage

Skill      XL: |  1  2  3  4 |
---------------+-------------+-----
Fighting       | 1 2 |  2.3
Spellcasting   | 3 |  3.8
Evocations     | 1 |  1.6
Dodging        | |  2.1
Stealth        | |  1.5

Action                   |  1- 3 |  4- 6 || total
-------------------------+-------+-------++-------
 Cast: Shock             |    38 |       ||    38
       Static Discharge  |     4 |    11 ||    15
       Foxfire           |    19 |    34 ||    53
  Use: Scroll            |       |     3 ||     3
Armor: Robe              |       |     3 ||     3
Dodge: Dodged            |     5 |     4 ||     9

Table legend: (Time is in decaauts)
 A = Elapsed time spent in this place.
 B = Non-inter-level travel time spent in this place.
 C = Inter-level travel time spent in this place.
 D = Time resting spent in this place.
 E = Time spent auto-exploring this place.
 F = Levels seen in this place.
 G = Mean time per level.
                   A        B        C        D        E       F      G
               +--------+--------+--------+--------+--------+-----+--------+
         Total |   2878 |   2769 |    109 |     45 |   2434 |   3 |  959.3 |
       Dungeon |   2878 |   2769 |    109 |     45 |   2434 |   3 |  959.3 |
               +--------+--------+--------+--------+--------+-----+--------+

Top non-repeatable levels by time:
     D:1: 1587 daAuts
     D:2: 785 daAuts
     D:3: 505 daAuts
